 Dungeon Crawl Stone Soup version 0.25-a0-429-g4e43983 (webtiles) character file.

Game seed: 13239714174904552457, levelgen mode: deterministic

745 Firecrotchwizard the Cutter (level 7, -3/39 HPs)
             Began as a Vine Stalker Berserker on Jan 25, 2020.
             Was a Priest of Trog.
             Slain by Menkaure (15 damage)
             ... on level 5 of the Dungeon.
             The game lasted 00:07:08 (3884 turns).

Firecrotchwizard the Cutter (VSBe)                  Turns: 3884, Time: 00:07:09

Health: -3/39      AC:  9    Str: 21    XL:     7   Next: 76%
Magic:  0/8        EV: 11    Int:  7    God:    Trog [***...]
Gold:   174        SH:  0    Dex: 14    Spells: 6/6 levels left

rFire    . . .     SeeInvis .   n - +1 dagger
rCold    . . .     Gourm    .   (no shield)
rNeg     + . .     Faith    .   g - +0 ring mail
rPois    .         Spirit   +   (no helmet)
rElec    .         Reflect  .   k - +1 cloak
rCorr    +         Harm     .   y - +1 pair of gloves
MR       ++...                  (no boots)
Stlth    +.........             (no amulet)
HPRegen  1.53/turn              h - ring of positive energy {rN+}
MPRegen  0.11/turn              s - ring of resist corrosion

@: regenerating
A: fangs 2, regeneration 1, magic shield, antimagic bite, no potion heal 3, rot
immunity
a: Berserk, Trog's Hand, Renounce Religion


You were on level 5 of the Dungeon.
You worshipped Trog.
Trog was most pleased with you.
You were not hungry.

You visited 1 branch of the dungeon, and saw 5 of its levels.

You collected 174 gold pieces.

Inventory:

Hand Weapons
 a - a +0 short sword
 n - a +1 dagger (weapon)
   (You took it off a kobold on level 1 of the Dungeon)
Armour
 g - a +0 ring mail (worn)
   (You found it on level 1 of the Dungeon)
 k - a +1 cloak (worn)
   (You found it on level 1 of the Dungeon)
 u - a +0 large shield
   (You found it on level 2 of the Dungeon)
 y - a +1 pair of gloves (worn)
   (You found it on level 3 of the Dungeon)
Jewellery
 h - a ring of positive energy (left hand) {rN+}
   (You found it on level 1 of the Dungeon)
 s - a ring of resist corrosion (right hand)
   (You found it on level 2 of the Dungeon)
Wands
 x - a wand of digging (4)
   (You found it on level 3 of the Dungeon)
Scrolls
 b - a scroll of identify
 j - 3 scrolls of remove curse
 p - a scroll of random uselessness {unknown}
 t - 2 scrolls of teleportation {unknown}
 w - 2 scrolls of enchant weapon
 z - 2 scrolls of blinking {unknown}
 A - 2 scrolls of fear {unknown}
Potions
 d - a potion of berserk rage {unknown}
 e - 2 potions of curing {unknown}
 f - a potion of mutation {unknown}
 i - a potion of brilliance {unknown}
 l - 3 potions of heal wounds {unknown}
 o - a potion of experience {unknown}
 r - a potion of haste {unknown}
Comestibles
 c - 11 rations


   Skills:
 + Level 5.1 Fighting
 * Level 6.8 Short Blades
 - Level 1.5 Armour
 - Level 1.5 Dodging


You had 6 spell levels left.
You didn't know any spells.
Your spell library was empty.

Dungeon Overview and Level Annotations

Branches:
Dungeon (5/15)             Temple (0/1) D:4

Altars:
Fedhas

Shops:
D:4 (

Annotations:
D:5 Menkaure


Innate Abilities, Weirdness & Mutations

You have extremely sharp teeth.
Your natural rate of healing is unusually fast.
When hurt, damage is shared between your health and your magic reserves.
Your bite disrupts and absorbs the magic of your enemies.
Potions cannot restore your health.
You are immune to rotting.


Message History

There is an open door here.
As you open the door, it creaks loudly!
A quokka comes into view.
There is an open door here.
You hit the quokka. The quokka closely misses you.
You hit the quokka. Your bite misses the quokka.
The quokka bites you but does no damage.
You closely miss the quokka. You bite the quokka. You drain its power.
The quokka bites you but does no damage.
You hit the quokka but do no damage. You bite the quokka.
You kill the quokka!
Trog accepts your kill.
Found a stone staircase leading up.
You open the door.
Found Tuorayt's Weapon Boutique.
There is an open door here.
There is an entrance to Tuorayt's Weapon Boutique here.
There is an open door here.
There is a stone staircase leading up here.
You open the door.
There is an open door here.
Items here: " = [[ an uncursed amulet of guardian spirit {Spirit} an uncursed ring of wizardry {Wiz+, !d}; a pair of gloves; a +0 animal skin Eating a chunk of flesh {@w0}.
You eat the chunk of flesh {@w0}.
You open the door.
There is an open door here.
Done exploring.
Search for what [Enter for "arm", or ? for help]? arm
(D) Dungeon (T) Temple
Where to? (Enter - D:4, ? - help)
There is a stone staircase leading down here.
You climb downwards.
There is a stone staircase leading up here.
c - 11 rations (gained 1)
You open the door.
There is an open door here.
You open the door.
There is an open door here.
You open the door.
There is an open door here.
A worker ant comes into view.
You hit the worker ant. You hit the worker ant.
You bite the worker ant, but do no damage.
The worker ant bites you but does no damage.
You barely miss the worker ant. You bite the worker ant! You drain its power.
The worker ant barely misses you.
You hit the worker ant but do no damage.
You bite the worker ant, but do no damage.
The worker ant closely misses you.
You hit the worker ant but do no damage.
Your bite misses the worker ant. The worker ant bites you.
You take 4 damage, and have 35/39 hp.
You now have 7/8 mp.
You closely miss the worker ant. The worker ant bites you.
You take 3 damage, and have 32/39 hp.
You now have 6/8 mp.
You hit the worker ant but do no damage.
You bite the worker ant, but do no damage.
You hit the worker ant but do no damage.
The worker ant bites you but does no damage.
You hit the worker ant.
You bite the worker ant, but do no damage.
The worker ant bites you but does no damage.
You hit the worker ant.
You kill the worker ant!
Trog accepts your kill.
No target in view!
No target in view!
No target in view!
No target in view!
Menkaure, Prince of Dust comes into view.
Menkaure shouts!
Menkaure mumbles some strange words.
Menkaure seems to speed up.
You regained 2 hp, and now have 36/39 hp.
Your skin crawls.
You feel resistant to hostile enchantments.
You feel somewhat more hungry.
Menkaure calls on the powers of darkness!
Your body is wracked with pain!
You take 11 damage, and have 25/39 hp.
MASSIVE DAMAGE!!
You now have 4/8 mp.
You are too injured to fight recklessly!
You are too injured to fight recklessly!
Menkaure calls on the powers of darkness!
Your body is wracked with pain!
You see here a sedimented golden potion.
You take 8 damage, and have 17/39 hp.
MASSIVE DAMAGE!!
You now have 3/8 mp.
Menkaure hits you!
* * * LOW HITPOINT WARNING * * *
You take 7 damage, and have 10/39 hp.
You now have 1/8 mp.
You hit Menkaure. You bite Menkaure.
Menkaure's magic leaks into the air.
You drain his magic.
You feel invigorated.
Menkaure falters for a moment.
You regained 2 mp, and now have 3/8 mp.
You hit Menkaure. You bite Menkaure.
Menkaure's magic leaks into the air.
You drain his magic.
You feel invigorated. Menkaure hits you!!
You die...

#.# ##+###### #.#
#.# #.......# #.#
#. #.. #.# #.# #..#
#.# #.#
##...###.######.#
###...............#
......#.#.########
##..##.#.#
#.M@!...# ##.######
#. #. #. #. #. #.


You could see Menkaure.

Vanquished Creatures
  Grinder (D:4)
  2 ogres (D:4)
  2 hounds
  2 orc priests (D:3)
  4 worker ants
  2 gnolls (D:1)
  3 adders
  An ooze (D:1)
  A worm (D:3)
  4 dart slugs (D:1)
  2 leopard geckos
  16 orcs
  2 ball pythons
  8 giant cockroaches
  6 goblins (D:1)
  12 hobgoblins
  3 jackals (D:3)
  3 quokkas
  5 bats
  2 frilled lizards
  10 kobolds
  20 rats
111 creatures vanquished.

Notes
Turn   | Place    | Note
-------+----------+-------------------------------------------
     0 | D:1      | Firecrotchwizard the Vine Stalker Berserker began the quest
                  | for the Orb.
     0 | D:1      | Reached XP level 1. HP: 11/11 MP: 2/2
   105 | D:1      | HP: 1/11 [gnoll/+0 flail of protection (10)]
   110 | D:1      | Reached skill level 3 in Short Blades
   110 | D:1      | Reached XP level 2. HP: 2/16 MP: 3/3
   536 | D:1      | Reached skill level 3 in Fighting
   746 | D:1      | Reached XP level 3. HP: 14/20 MP: 2/4
  1010 | D:1      | Reached ** piety under Trog
  1155 | D:1      | Gained mutation: Your natural rate of healing is unusually
                  | fast. [Vine Stalker growth]
  1155 | D:1      | Reached XP level 4. HP: 24/24 MP: 3/5
  1527 | D:2      | Reached skill level 4 in Short Blades
  1983 | D:2      | Found a faded altar of an unknown god.
  2305 | D:3      | Reached *** piety under Trog
  2305 | D:3      | Reached XP level 5. HP: 25/28 MP: 6/6
  2508 | D:3      | Found a blossoming altar of Fedhas.
  2589 | D:3      | Reached skill level 5 in Short Blades
  2765 | D:3      | Reached skill level 4 in Fighting
  2775 | D:3      | Reached XP level 6. HP: 24/33 MP: 5/7
  3109 | D:4      | Found a staircase to the Ecumenical Temple.
  3278 | D:4      | Noticed Grinder
  3305 | D:4      | Killed Grinder
  3305 | D:4      | Reached skill level 6 in Short Blades
  3305 | D:4      | Reached XP level 7. HP: 20/38 MP: 3/8
  3512 | D:4      | Reached skill level 5 in Fighting
  3718 | D:4      | Found Tuorayt's Weapon Boutique.
  3813 | D:5      | Entered Level 5 of the Dungeon
  3879 | D:5      | Noticed Menkaure
  3884 | D:5      | Slain by Menkaure

Levels and vault maps discovered:
D:1:      shiori_arrival_elements, layout_loops_ring
D:2:      layout_basic, chequers_ecumenical_altar_island, minmay_rat_hole
D:3:      layout_loops_ring, fedhas_ov_isle_minmay
D:4:      layout_gridville, temple_statues, serial_shops, kennysheep_little_box,
          hangedman_decor_slide_cut, uniq_grinder
D:5:      layout_loops_corners, first_ration, uniq_menkaure, uniq_sigmund

Skill      XL: |  1  2  3  4  5  6  7 |
---------------+----------------------+-----
Short Blades   | 3 4 5 6 |  6.8
Fighting       | 3 4 5 |  5.1
Armour         | |  1.5
Dodging        | |  1.5

Action                   |  1- 3 |  4- 6 |  7- 9 || total
-------------------------+-------+-------+-------++-------
Melee: Short sword       |    80 |       |       ||    80
       Bite              |    19 |    97 |    19 ||   135
       Dagger            |     1 |   300 |    39 ||   340
Invok: Berserk           |     2 |       |     2 ||     4
       Trog's Hand       |       |     1 |     1 ||     2
  Use: Scroll            |       |     5 |       ||     5
  Eat: Chunk             |     2 |     8 |     4 ||    14
Armor: Ring mail         |    17 |    75 |     8 ||   100
       Animal skin       |     2 |       |       ||     2
Dodge: Dodged            |    41 |   144 |    20 ||   205

Table legend:
 A = Non-vault XP
 B = Vault XP
 C = Vault XP percentage of total XP
 D = Non-vault monster count
 E = Vault monster count
 F = Vault count percentage of total count
                 A         B        C        D         E       F
            +---------+---------+-------+---------+---------+-------
      Total |     783 |     282 |  26.5 |      91 |      20 |  18.0
            +---------+---------+-------+---------+---------+-------
        D:1 |      92 |       0 |   0.0 |      30 |       0 |   0.0
        D:2 |      37 |      20 |  35.1 |      15 |      19 |  55.9
        D:3 |     216 |       0 |   0.0 |      34 |       0 |   0.0
        D:4 |     405 |     262 |  39.3 |      11 |       1 |   8.3
        D:5 |      33 |       0 |   0.0 |       1 |       0 |   0.0
            +---------+---------+-------+---------+---------+-------

Levels and vault maps discovered:
D:1:      shiori_arrival_elements, layout_loops_ring
D:2:      layout_basic, chequers_ecumenical_altar_island, minmay_rat_hole
D:3:      layout_loops_ring, fedhas_ov_isle_minmay
D:4:      layout_gridville, temple_statues, serial_shops, kennysheep_little_box,
          hangedman_decor_slide_cut, uniq_grinder
D:5:      layout_loops_corners, first_ration, uniq_menkaure, uniq_sigmund

Table legend:
 A = Turns spent in this place as a percentage of turns spent in the entire game.
 B = Non-inter-level travel turns spent in this place as a percentage of non-inter-level travel turns spent in the entire game.
 C = Inter-level travel turns spent in this place as a percentage of turns spent in this place.
 D = Turns resting spent in this place as a percentage of non-inter-level travel turns spent in this place.
 E = Turns spent auto-exploring this place as a percentage of non-inter-level travel turns spent in this place.
 F = Non-inter-level travel turns spent in this place divided by the number of levels of this place that you've seen.
                   A       B       C       D       E      F
               +-------+-------+-------+-------+-------+----------------------
         Total | 100.0 | 100.0 |   5.0 |  19.4 |  59.3 | 737.6
       Dungeon | 100.0 | 100.0 |   5.0 |  19.4 |  59.3 | 737.6
               +-------+-------+-------+-------+-------+----------------------

Table legend:
 A = Kills in this place as a percentage of kills in entire the game.
 B = Kills by you in this place as a percentage of kills by you in the entire game.
 C = Kills by friends in this place as a percentage of kills by friends in the entire game.
 D = Other kills in this place as a percentage of other kills in the entire game.
 E = Experience gained in this place as a percentage of experience gained in the entire game.
 F = Experience gained in this place divided by the number of levels of this place that you have seen.
                   A       B       C       D       E      F
               +-------+-------+-------+-------+-------+----------------------
         Total | 100.0 | 100.0 |   N/A |   N/A | 100.0 | 213.0
       Dungeon | 100.0 | 100.0 |   N/A |   N/A | 100.0 | 213.0
               +-------+-------+-------+-------+-------+----------------------
